 Dungeon Crawl Stone Soup version 0.25-a0-719-gde951dce62 (webtiles) character file.

Game seed: 4713810336543513715, levelgen mode: deterministic

7851 Maedhros the Covert (level 11, -9/53 HPs)
             Began as a Felid Chaos Knight on Apr 6, 2020.
             Was a Plaything of Xom.
             Killed from afar by a wizard (60 damage)
             ... with a crystal spear
             ... on level 13 of the Dungeon.
             The game lasted 00:56:43 (120440 turns).

Maedhros the Covert (Felid Chaos Knight)          Turns: 120440, Time: 00:56:44

Health: -9/53      AC:  4    Str: 12    XL:     11   Next: 2%
Magic:  20/20      EV: 28    Int: 18    God:    Xom [.....*]
Gold:   1540       SH:  4    Dex: 19    Spells: 9/15 levels left
                                        Lives:  0   Deaths: 3

rFire    + . .     SeeInvis +     - Unarmed
rCold    . . .     Gourm    .   (shield unavailable)
rNeg     + . .     Faith    .   (armour unavailable)
rPois    .         Spirit   .   (helmet unavailable)
rElec    .         Reflect  .   (cloak unavailable)
rCorr    .         Harm     .   (gloves unavailable)
MR       +....                  (boots unavailable)
Stlth    ++++++++..             x - amulet of magic regeneration
HPRegen  0.17/turn              D - ring of Yckull {rN+ Str+4 Stlth+}
MPRegen  0.42/turn              (no ring)

@: quick
A: very small, no armour, no weapons or thrown items, stealth, antennae 1, claws
1, fangs 3, large bone plates 1, slimy green scales 1, camouflage 1, see
invisible, blink, carnivore, clever 2, fire resistance 1, speed 1, high mp 3,
shaggy fur 2, slow metabolism 1, evolution 1, sharp paws
a: Blink, Renounce Religion


You were on level 13 of the Dungeon.
You worshipped Xom.
You were Xom's teddy bear.
You were not hungry.

You visited 2 branches of the dungeon, and saw 14 of its levels.

You collected 1540 gold pieces.

Inventory:

Hand Weapons
 p - a +1 morningstar
 z - a +0 short sword
Missiles
 i - 263 arrows
 s - 20 boomerangs
 u - 397 stones
 w - 33 sling bullets
Magical Staves
 G - an uncursed staff of air {unknown}
Jewellery
 t - an uncursed ring of fire
 x - an amulet of magic regeneration (around neck)
 D - the ring of Yckull (left paw) {rN+ Str+4 Stlth+}
   (Xom gifted it to you on level 7 of the Dungeon)

   [ring of strength]

   It affects your strength (+4).
   It protects you from negative energy.
   It makes you more stealthy.
Wands
 b - a wand of iceblast (2)
 n - a wand of paralysis (4)
 C - a wand of polymorph (8)
 H - a wand of random effects (22)
Scrolls
 c - 4 scrolls of remove curse
 e - 2 scrolls of vulnerability
 f - 13 scrolls of identify
 g - 2 scrolls of immolation
 h - 2 scrolls of amnesia
 q - a scroll of blinking
 r - a scroll of teleportation
 v - 2 scrolls of enchant armour
 y - 2 scrolls of magic mapping
 A - a scroll of enchant weapon
 F - 3 scrolls of fear
Potions
 a - a potion of curing
 j - a potion of mutation
 k - 2 potions of lignification
 l - 2 potions of haste
 m - 3 potions of cancellation
 o - a potion of might
 B - 7 potions of brilliance
 I - 2 potions of flight
Miscellaneous
 d - a phantom mirror


   Skills:
 * Level 9.0 Fighting
 * Level 11.3 Dodging
 * Level 11.6 Stealth
 - Level 10.2 Unarmed Combat
 + Level 2.8 Spellcasting
 - Level 8.3 Hexes
 * Level 4.0 Air Magic
 * Level 3.9 Poison Magic
 - Level 1.3 Evocations


You had 9 spell levels left.
You knew the following spells:

 Your Spells              Type           Power        Failure   Level  Hunger
a - Confusing Touch       Hex            ####....     1%          3    ###....
b - Mephitic Cloud        Conj/Pois/Air  ##......     17%         3    ###....

Your spell library contained the following spells:

 Spells                   Type           Power        Failure   Level  Hunger
 Slow                     Hex            ####....     1%          2    ##.....
 Animate Skeleton         Necr           N/A          17%         1    None
 Beastly Appendage        Tmut           #.....       17%         1    None
 Magic Dart               Conj           #...         17%         1    None
 Pain                     Necr           #...         17%         1    None
 Spider Form              Tmut/Pois      #.........   22%         3    ###....
 Blink                    Tloc           N/A          26%         2    ##.....
 Call Imp                 Summ           #.......     26%         2    ##.....
 Sticks to Snakes         Tmut           #.......     26%         2    ##.....
 Conjure Flame            Conj/Fire      #.......     45%         3    ###....
 Gell's Gravitas          Tloc           #.........   45%         3    ###....
 Vampiric Draining        Necr           #.........   45%         3    ###....
 Metabolic Englaciation   Hex/Ice        ###.......   63%         5    ######.
 Yara's Violent Unravell  Hex/Tmut       ###.......   63%         5    ######.
 Animate Dead             Necr           N/A          86%         4    ####...
 Ice Form                 Ice/Tmut       #.......     86%         4    ####...
 Petrify                  Tmut/Erth      #.......     86%         4    ####...
 Agony                    Necr           #.......     99%         5    ######.
 Blade Hands              Tmut           #.........   99%         5    ######.


Dungeon Overview and Level Annotations

Branches:
Dungeon (13/15)            Temple (1/1) D:4            Lair (0/6) D:11
    Orc (0/2) D:9
 Vaults: D:13-14

Altars:
Ashenzari
Cheibriados
Dithmenos
Elyvilon
Fedhas
Gozag
Hepliaklqana
Kikubaaqudgha
Makhleb
Nemelex Xobeh
Okawaru
Qazlal
Ru
Sif Muna
Trog
Uskayaw
Vehumet
Wu Jian
Xom
Yredelemnul
Zin
The Shining One

Shops:
D:10 [

Portals:
Trove: D:10 (give 18 scrolls of teleportation)

Annotations:
D:2 1 runed translucent door, Crazy Yiuf
D:9 3 runed translucent doors, whodunnit's ghost, novice GrFi
D:12 1 exclusion


Innate Abilities, Weirdness & Mutations

You cannot wear armour.
You are incapable of wielding weapons or throwing items.
Your paws allow you to move quietly. (Stealth)
You have sharp claws.
You have razor-sharp teeth.
You have supernaturally acute eyesight. (SInv)
You are carnivorous and can eat meat at any time.
You cover ground quickly.
You are covered in thick fur. (AC +2)
You have a slow metabolism.
Your sharp claws are effective at attacking unaware monsters.
You have a pair of small antennae on your head.
You are partially covered in large bone plates. (SH +4)
You are partially covered in slimy green scales. (AC +2)
Your skin changes colour to match your surroundings (Stealth+).
You can translocate small distances at will.
Your mind is very acute. (Int +4)
Your flesh is heat resistant. (rF+)
You have a greatly increased reservoir of magic. (+30% MP)
You evolve.


Message History

Your quasit closely misses the wizard. x2
The scorpion stings your soul eater but does no damage.
Your +0 giant club barely misses the wizard.
The wizard hits your quasit but does no damage.
The centaur warrior skeleton closely misses your soul eater.
Unknown command.
Unknown command.
Unknown command.
Unknown command.
Your soul eater closely misses the scorpion.
The orc throws a boomerang.
The boomerang barely misses your soul eater.
You block the boomerang.
The weapon returns to the orc!
The troll barely misses your quasit. The troll claws your quasit.
The troll claws your quasit!
Your quasit dies!
The wizard gestures at you while chanting.
The crystal spear hits you!!!
Ouch! That really hurt!
You die...

# .# ####.####
........
#?...... #
#....#
##.##....#####
#............#
#.###.@.###..#
#(..###..###.
##pT3s.......
#.[.Z..$....
#...o.>.....
#...........
#.....[.....
.....$......#
p........$..o.#


You could see a wizard, a troll, a scorpion, an orc, a centaur warrior skeleton,
a friendly soul eater and a friendly +0 giant club.

Vanquished Creatures
  Erolcha (D:11)
  Erica (D:8)
  An unseen horror (D:11)
  A deep elf mage (D:11)
  2 cyclopes
  2 manticores
  2 gargoyles (D:10)
  4 trolls
  A queen bee (D:9)
  A hippogriff (D:7)
  A wyvern (D:11)
  A vampire (D:12)
  A basilisk (D:10)
  A spriggan (D:11)
  Eustachio (D:4)
  4 yaks (D:10)
  5 hungry ghosts
  Menkaure (D:5)
  An acid dragon (D:12)
  A water moccasin (D:5)
  A black bear (D:11)
  A sky beast (D:7)
  2 phantoms
  2 ice beasts
  An eye of draining (D:12)
  A necrophage (D:10)
  6 orc warriors
  7 centaurs
  5 ogres
  A crocodile (D:6)
  Blork the orc (D:6)
  9 bullfrogs
  4 scorpions
  2 water moccasin skeletons
  2 troll zombies (D:9)
  30 killer bees
  9 wights
  9 howler monkeys
  3 crimson imps
  4 centaur zombies
  A bullfrog zombie (D:6)
  6 orc priests
  4 jellies
  12 orc wizards
  4 hounds
  2 bullfrog skeletons
  Jessica (D:2)
  4 iguanas
  8 worker ants
  6 ogre zombies (D:9)
  A hound skeleton (D:5)
  A worker ant zombie (D:7)
  9 gnolls
  8 adders
  4 shadow imps
  2 oozes
  An adder zombie (D:10)
  2 adder skeletons
  A worm (D:5)
  2 dart slugs
  6 leopard geckos
  68 orcs
  7 bats
  8 giant cockroaches
  4 goblins
  3 hobgoblins
  6 jackals
  4 quokkas
  2 ball pythons
  5 frilled lizards
  A giant cockroach zombie (D:5)
  A goblin skeleton (D:9)
  2 goblin zombies (D:9)
  A hobgoblin skeleton (D:9)
  6 hobgoblin zombies (D:9)
  A jackal zombie (D:6)
  10 kobolds
  A leopard gecko skeleton (D:4)
  A leopard gecko zombie (D:5)
  4 orc skeletons (D:9)
  11 orc zombies (D:9)
  A quokka zombie (D:5)
  9 rats
  A spectral orc (D:5)
375 creatures vanquished.

Vanquished Creatures (collateral kills)
  A two-headed ogre (D:13)
  Sigmund (D:2)
  A bullfrog (D:13)
  A hound (D:13)
  2 orc wizards (D:4)
  5 orcs
  A jackal (D:11)
  A fungus (D:11)
  3 plants (D:11)
16 creatures vanquished.

Vanquished Creatures (others)
  An ugly thing (D:12)
  A bullfrog zombie (D:7)
  An orc wizard (D:7)
  2 orcs
  A goblin (D:3)
  8 fungi (D:11)
  7 plants
21 creatures vanquished.

Grand Total: 412 creatures vanquished

Notes
Turn   | Place    | Note
-------+----------+-------------------------------------------
     0 | D:1      | Maedhros the Felid Chaos Knight began the quest for the
                  | Orb.
     0 | D:1      | Reached XP level 1. HP: 10/10 MP: 2/2
    87 | D:1      | XOM: butterfly on damage
   312 | D:1      | XOM: silly message
   316 | D:1      | XOM: harmless Summ miscast
   565 | D:1      | XOM: divination: detect creatures
   717 | D:1      | XOM: harmless Chrm miscast
   797 | D:1      | XOM: silly message
  1324 | D:1      | XOM: harmless Conj miscast
  1670 | D:1      | XOM is BORED!
  1670 | D:1      | XOM: silly message
  2123 | D:1      | XOM: silly message
  2200 | D:1      | Reached XP level 2. HP: 14/14 MP: 3/3
  2771 | D:1      | XOM is BORED!
  2771 | D:1      | XOM: mild Ice miscast
  2925 | D:1      | XOM: harmless Necr miscast
  3540 | D:1      | XOM: harmless Necr miscast
  3847 | D:1      | XOM: harmless Necr miscast
  4185 | D:1      | XOM: give mutations
  4185 | D:1      | Gained mutation: You are partially covered in slimy green
                  | scales. (AC +2) [Xom's grace]
  4185 | D:1      | Gained mutation: You have a pair of small antennae on your
                  | head. [Xom's grace]
  4185 | D:1      | Gained mutation: You are partially covered in large bone
                  | plates. (SH +4) [Xom's grace]
  4185 | D:1      | Gained mutation: You passively map a small area around you.
                  | [Xom's grace]
  4257 | D:1      | XOM: god gift: scroll labeled BAOJIOT NEDE {god gift}
  4307 | D:1      | XOM: cloud trail
  4510 | D:1      | XOM is BORED!
  4660 | D:1      | XOM: god gift: scroll labeled QUSACZ JUPH {god gift}
  4744 | D:1      | XOM: give mutation
  4744 | D:1      | Gained mutation: You can translocate small distances at
                  | will. [Xom's grace]
  5080 | D:2      | XOM: cloud trail
  5093 | D:2      | Noticed Jessica
  5102 | D:2      | Lost mutation: You passively map a small area around you.
                  | [potion of mutation]
  5102 | D:2      | Lost mutation: You are partially covered in large bone
                  | plates. (SH +4) [potion of mutation]
  5102 | D:2      | Gained mutation: Your magical capacity is low. (-10% MP)
                  | [potion of mutation]
  5102 | D:2      | Gained mutation: You expend magic power (3 MP) to
                  | strengthen your wands. [potion of mutation]
  5109 | D:2      | Killed Jessica
  5109 | D:2      | Reached XP level 3. HP: 17/17 MP: 3/3
  5144 | D:2      | XOM: divination: detect items
  5176 | D:2      | XOM: give mutation
  5176 | D:2      | Gained mutation: You are resistant to hostile enchantments.
                  | (MR+) [Xom's grace]
  5416 | D:1      | XOM: 4-stop teleportation journey
  5787 | D:1      | XOM: 1-stop teleportation journey
  5958 | D:1      | XOM: cloud trail
  5967 | D:1      | XOM: divination: detect creatures
  6049 | D:1      | XOM: give mutations
  6049 | D:1      | Gained mutation: Your flesh is cold resistant. (rC+) [Xom's
                  | grace]
  6049 | D:1      | Gained mutation: Your spells are a little harder to cast,
                  | but a little more powerful. [Xom's grace]
  6049 | D:1      | Gained mutation: Your muscles are strong. (Str +2) [Xom's
                  | grace]
  6319 | D:1      | XOM: god gift: bubbling yellow potion {god gift}
  6405 | D:1      | XOM: god gift: 20 gold pieces
  6699 | D:1      | XOM: give mutations
  6699 | D:1      | Gained mutation: Your spells are harder to cast, but more
                  | powerful. [Xom's grace]
  6699 | D:1      | Gained mutation: You evolve. [Xom's grace]
  6699 | D:1      | Gained mutation: You are resistant to electric shocks.
                  | (rElec) [Xom's grace]
  6699 | D:1      | Gained mutation: Your mind is acute. (Int +2) [Xom's grace]
  6886 | D:1      | XOM: divination: detect items
  7823 | D:1      | Gained mutation: Your spells are much harder to cast, but
                  | much more powerful. [evolution]
  8986 | D:1      | XOM is BORED!
  9097 | D:1      | XOM: divination: detect creatures
  9155 | D:1      | XOM: divination: detect items
  9543 | D:2      | Reached skill level 5 in Unarmed Combat
  9543 | D:2      | Reached XP level 4. HP: 11/21 MP: 4/4
  9648 | D:2      | XOM: 5-stop teleportation journey
  9684 | D:2      | Slain by a gnoll
  9685 | D:2      | Reached XP level 3. HP: 0/17 MP: 3/3
  9717 | D:2      | XOM: snakes to sticks
  9734 | D:2      | Found a runed translucent door.
  9735 | D:2      | Noticed Crazy Yiuf
  9755 | D:2      | Noticed Sigmund
  9805 | D:3      | Found a radiant altar of Vehumet.
  9948 | D:3      | XOM: fog
 10244 | D:1      | XOM: divination: magic mapping
 10338 | D:1      | XOM: god gift: scroll labeled ODUUXZ MOUCAI {god gift}
 10897 | D:1      | XOM: give mutation
 10897 | D:1      | Gained mutation: You are mostly covered in slimy green
                  | scales. (AC +3) [Xom's grace]
 11474 | D:1      | XOM: give mutations
 11474 | D:1      | Gained mutation: You passively map a small area around you.
                  | [Xom's grace]
 11474 | D:1      | Gained mutation: You are partially covered in iridescent
                  | scales. (AC +2) [Xom's grace]
 11474 | D:1      | Gained mutation: Your mind is very acute. (Int +4) [Xom's
                  | grace]
 11474 | D:1      | Gained mutation: You are highly resistant to hostile
                  | enchantments. (MR++) [Xom's grace]
 11794 | D:1      | XOM is BORED!
 11794 | D:1      | XOM: give mutations
 11794 | D:1      | Lost mutation: You are resistant to electric shocks.
                  | (rElec) [Xom's mischief]
 11794 | D:1      | Lost mutation: You can translocate small distances at will.
                  | [Xom's mischief]
 12859 | D:1      | XOM: give mutations
 12859 | D:1      | Gained mutation: You have a pair of antennae on your head.
                  | [Xom's grace]
 12859 | D:1      | Gained mutation: Your muscles are very strong. (Str +4)
                  | [Xom's grace]
 12859 | D:1      | Gained mutation: You are agile. (Dex +2) [Xom's grace]
 12944 | D:1      | XOM: give mutations
 12944 | D:1      | Gained mutation: You passively map the area around you.
                  | [Xom's grace]
 12944 | D:1      | Gained mutation: You have a pair of large antennae on your
                  | head. (SInv) [Xom's grace]
 12944 | D:1      | Gained mutation: You are very agile. (Dex +4) [Xom's grace]
 12944 | D:1      | Lost mutation: Your magical capacity is low. (-10% MP)
                  | [Xom's grace]
 13498 | D:1      | XOM: summons 1 hostile demon
 13515 | D:2      | XOM: 9-stop teleportation journey
 13619 | D:2      | XOM: summons 1 hostile shadow creature
 13781 | D:3      | Reached XP level 4. HP: 21/21 MP: 5/5
 13875 | D:3      | XOM is BORED!
 14365 | D:1      | XOM: harmless Tmut miscast
 14654 | D:1      | XOM is BORED!
 14654 | D:1      | XOM: mild Tmut miscast
 14847 | D:1      | XOM: harmless Necr miscast
 15047 | D:1      | Gained mutation: You can translocate small distances at
                  | will. [evolution]
 15522 | D:1      | XOM: medium Pois miscast
 15559 | D:1      | HP: 1/21 [poisoned by the capriciousness of Xom (residual
                  | poison)]
 15718 | D:1      | XOM: god gift: 31 gold pieces
 15937 | D:1      | XOM: give mutations
 15937 | D:1      | Gained mutation: You rapidly evolve. [Xom's grace]
 15937 | D:1      | Gained mutation: Your skin changes colour to match your
                  | surroundings (Stealth+). [Xom's grace]
 15937 | D:1      | Gained mutation: You are covered in thick fur. (AC +2)
                  | [Xom's grace]
 16024 | D:1      | XOM: give mutations
 16024 | D:1      | Lost mutation: You expend magic power (3 MP) to strengthen
                  | your wands. [Xom's mischief]
 16024 | D:1      | Lost mutation: You passively map the area around you.
                  | [Xom's mischief]
 16024 | D:1      | Lost mutation: You are highly resistant to hostile
                  | enchantments. (MR++) [Xom's mischief]
 16109 | D:1      | XOM: mild Hex miscast
 16135 | D:1      | XOM: mild Summ miscast
 16407 | D:1      | XOM: mild Fire miscast
 16768 | D:2      | XOM: give mutations
 16768 | D:2      | Gained mutation: You are robust. (+10% HP) [Xom's grace]
 16768 | D:2      | Gained mutation: Your system is resistant to poisons.
                  | (rPois) [Xom's grace]
 16887 | D:2      | XOM: scenery: create altars
 17378 | D:2      | XOM: summons 2 hostile demons
 17709 | D:1      | XOM: harmless Summ miscast
 18683 | D:1      | XOM: god gift: runed triple crossbow {god gift}
 18705 | D:1      | XOM: cloud trail
 19325 | D:3      | XOM: harmless Ice miscast
 19378 | D:4      | Noticed Eustachio
 19422 | D:4      | Reached XP level 5. HP: 26/26 MP: 6/6
 19480 | D:4      | XOM: confusion
 19604 | D:4      | XOM: harmless Fire miscast
 19632 | D:2      | XOM: give mutation
 19632 | D:2      | Lost mutation: Your muscles are very strong. (Str +4)
                  | [Xom's mischief]
 19790 | D:2      | XOM: give mutations
 19790 | D:2      | Lost mutation: Your spells are much harder to cast, but
                  | much more powerful. [Xom's mischief]
 19790 | D:2      | Lost mutation: Your muscles are strong. (Str +2) [Xom's
                  | mischief]
 20560 | D:2      | XOM: mild Tloc miscast
 20699 | D:2      | Gained mutation: You possess an exceptional clarity of
                  | mind. [evolution]
 20811 | D:2      | XOM: give mutation
 20811 | D:2      | Lost mutation: You possess an exceptional clarity of mind.
                  | [Xom's mischief]
 21033 | D:2      | XOM: medium Air miscast
 21771 | D:2      | XOM: summons 4 friendly demons
 21777 | D:2      | Killed Sigmund
 21777 | D:2      | Mutation became permanent: You are covered in fur. (AC +1)
                  | [Felid growth]
 21777 | D:2      | Gained mutation: You are covered in thick fur. (AC +2)
                  | [Felid growth]
 21777 | D:2      | Reached XP level 6. HP: 30/30 MP: 7/7
 22411 | D:2      | Lost mutation: Your spells are harder to cast, but more
                  | powerful. [evolution]
 22773 | D:2      | XOM: scenery: create altars
 22859 | D:2      | XOM: give mutation
 22859 | D:2      | Gained mutation: You expend magic power (3 MP) to
                  | strengthen your wands. [Xom's grace]
 23474 | D:2      | XOM: god gift: 3 boomerangs
 23617 | D:2      | XOM: god gift: 45 gold pieces
 23833 | D:2      | XOM: mild Fire miscast
 23948 | D:2      | XOM: god gift: runed glaive {god gift}
 24033 | D:2      | XOM: give mutation
 24033 | D:2      | Gained mutation: Your muscles are strong. (Str +2) [Xom's
                  | grace]
 24125 | D:4      | XOM: fake destruction
 24137 | D:4      | XOM: cast spell 'Summon Dragon'
 24140 | D:4      | Killed Eustachio
 24212 | D:4      | Reached XP level 7. HP: 20/34 MP: 8/8
 24814 | D:3      | XOM: severe Fire miscast
 25127 | D:3      | Gained mutation: Your flesh is very cold resistant. (rC++)
                  | [evolution]
 25420 | D:3      | XOM: cloud trail
 26093 | D:3      | XOM: mild Tloc miscast
 26243 | D:3      | XOM: give mutations
 26243 | D:3      | Gained mutation: You possess an exceptional clarity of
                  | mind. [Xom's grace]
 26243 | D:3      | Gained mutation: Your flesh is heat resistant. (rF+) [Xom's
                  | grace]
 26243 | D:3      | Lost mutation: You rapidly evolve. [Xom's grace]
 26243 | D:3      | Lost mutation: You evolve. [Xom's grace]
 26243 | D:3      | Gained mutation: You are somewhat resistant to further
                  | mutation. [Xom's grace]
 26643 | D:3      | XOM is BORED!
 26643 | D:3      | XOM: mild Tmut miscast
 26853 | D:3      | XOM: 1-stop teleportation journey
 27157 | D:3      | XOM: medium Chrm miscast
 28198 | D:3      | XOM: scenery: create altars
 29485 | D:4      | Found a shattered altar of Ashenzari.
 29611 | D:4      | XOM: enchant monster (good)
 29627 | D:4      | XOM: god gift: 25 gold pieces
 29843 | D:4      | XOM: scenery: create altars
 29925 | D:4      | XOM: summons 2 hostile demons
 30049 | D:4      | XOM: harmless Ice miscast
 30147 | D:4      | XOM is BORED!
 30147 | D:4      | XOM: stat loss: -1 Int (17/18)
 30172 | D:4      | XOM: god gift: 24 gold pieces
 32248 | D:3      | XOM: god gift: scroll labeled WORASTR WUAS {god gift}
 32264 | D:3      | XOM: mild Erth miscast
 32366 | D:3      | XOM: harmless Chrm miscast
 33081 | D:3      | XOM: medium Summ miscast
 33082 | D:3      | Noticed a small abomination
 33086 | D:4      | XOM: medium Hex miscast
 33141 | D:4      | XOM is BORED!
 33141 | D:4      | XOM: medium Tloc miscast
 33142 | D:4      | Noticed a spatial vortex
 33338 | D:4      | XOM: divination: detect creatures
 33948 | D:4      | XOM: silly message
 34058 | D:4      | XOM is BORED!
 34058 | D:4      | XOM: give mutations
 34058 | D:4      | Lost mutation: You possess an exceptional clarity of mind.
                  | [Xom's mischief]
 34058 | D:4      | Lost mutation: Your system is resistant to poisons. (rPois)
                  | [Xom's mischief]
 34058 | D:4      | Lost mutation: You can translocate small distances at will.
                  | [Xom's mischief]
 34576 | D:4      | XOM: give mutations
 34576 | D:4      | Gained mutation: You are highly resistant to hostile
                  | enchantments. (MR++) [Xom's grace]
 34576 | D:4      | Gained mutation: You passively map the area around you.
                  | [Xom's grace]
 34576 | D:4      | Gained mutation: Your system is resistant to poisons.
                  | (rPois) [Xom's grace]
 34606 | D:4      | Found a staircase to the Ecumenical Temple.
 34707 | D:4      | XOM: mild Tmut miscast
 34747 | D:4      | Learned a level 3 spell: Confusing Touch
 35009 | D:5      | XOM: stealth player
 35009 | D:5      | Entered Level 5 of the Dungeon
 35150 | D:5      | Reached skill level 1 in Hexes
 35155 | D:5      | Reached skill level 1 in Stealth
 36267 | D:4      | XOM: harmless Chrm miscast
 36957 | D:4      | XOM: summons 4 hostile shadow creatures
 37640 | D:4      | XOM: give mutation
 37640 | D:4      | Lost mutation: You are highly resistant to hostile
                  | enchantments. (MR++) [Xom's mischief]
 38075 | D:4      | XOM: give mutation
 38075 | D:4      | Lost mutation: Your flesh is very cold resistant. (rC++)
                  | [Xom's mischief]
 38521 | D:4      | XOM is BORED!
 38574 | D:4      | XOM: harmless Tloc miscast
 38895 | D:4      | XOM: god gift: 17 stones
 38933 | D:4      | XOM: god gift: 630 gold pieces
 38949 | D:4      | XOM: give mutation
 38949 | D:4      | Gained mutation: You are highly resistant to hostile
                  | enchantments. (MR++) [Xom's grace]
 39074 | D:4      | XOM: give mutations
 39074 | D:4      | Gained mutation: Your thick and shaggy fur keeps you warm.
                  | (AC +3, rC+) [Xom's grace]
 39074 | D:4      | Gained mutation: You possess an exceptional clarity of
                  | mind. [Xom's grace]
 39267 | D:4      | XOM: give mutations
 39267 | D:4      | Gained mutation: Your muscles are very strong. (Str +4)
                  | [Xom's grace]
 39267 | D:4      | Gained mutation: Your spells are harder to cast, but more
                  | powerful. [Xom's grace]
 39267 | D:4      | Gained mutation: Your flesh is very cold resistant. (rC++)
                  | [Xom's grace]
 39693 | D:4      | XOM: give mutations
 39693 | D:4      | Gained mutation: Your spells are much harder to cast, but
                  | much more powerful. [Xom's grace]
 39693 | D:4      | Gained mutation: You have an increased reservoir of magic.
                  | (+10% MP) [Xom's grace]
 39693 | D:4      | Lost mutation: You are somewhat resistant to further
                  | mutation. [Xom's grace]
 39693 | D:4      | Gained mutation: You evolve. [Xom's grace]
 40895 | D:4      | XOM: mild Conj miscast
 41109 | D:4      | XOM: scenery: create altars
 41703 | D:4      | XOM: god gift: 13 sling bullets
 41999 | D:4      | XOM: god gift: dented golden amulet {god gift}
 42017 | D:5      | XOM: noise
 42163 | D:5      | XOM: mild Tloc miscast
 42240 | D:5      | Found an ornate altar of the Wu Jian Council.
 42262 | D:5      | Found an opulent altar of Gozag.
 42369 | D:5      | Found a basalt altar of Yredelemnul.
 42425 | D:5      | XOM: cloud trail
 42430 | D:5      | Reached XP level 8. HP: 38/38 MP: 9/9
 42614 | D:4      | XOM: divination: detect items
 43069 | D:4      | XOM: mild Conj miscast
 43223 | D:6      | XOM is BORED!
 43223 | D:6      | XOM: medium Air miscast
 43272 | D:6      | XOM: confuse monster(s)
 43372 | D:6      | Noticed Blork the orc
 43649 | D:5      | XOM: scenery: 1 doors open
 43707 | D:5      | XOM: cloud trail
 43708 | D:5      | Found an opulent altar of Gozag.
 43852 | D:5      | XOM: mild Erth miscast
 44719 | D:5      | XOM: harmless Chrm miscast
 44726 | D:5      | XOM: harmless Tloc miscast
 45106 | D:5      | XOM: harmless Tloc miscast
 45192 | D:5      | XOM: harmless Summ miscast
 45591 | D:5      | XOM: divination: magic mapping
 45636 | D:5      | XOM: silly message
 45922 | D:5      | XOM: divination: detect creatures
 46326 | D:5      | XOM: divination: detect items
 47501 | D:5      | XOM: scenery: 1 fountains blood, 1 doors close
 48136 | D:5      | XOM: scenery: 3 fountains blood, 1 doors open
 48348 | D:6      | XOM is BORED!
 48348 | D:6      | XOM: medium Ice miscast
 48499 | D:6      | XOM: harmless Fire miscast
 48506 | D:6      | Reached skill level 5 in Dodging
 48540 | D:6      | XOM: scenery: 1 doors open
 48604 | D:6      | XOM: cast spell 'Summon Butterflies'
 48605 | D:6      | XOM: potion effect (might)
 48633 | D:6      | XOM: cast spell 'Olgreb's Toxic Radiance'
 48639 | D:6      | XOM: divination: detect creatures
 48642 | D:6      | Killed Blork the orc
 48666 | D:6      | XOM: cloud trail
 48676 | D:6      | XOM: silly message
 48730 | D:5      | XOM: noise
 49000 | D:5      | Gained mutation: You are extremely resistant to the effects
                  | of hostile enchantments. (MR+++) [evolution]
 49412 | D:5      | XOM: divination: detect items
 49977 | D:5      | XOM: noise
 50065 | D:5      | XOM: summons 1 hostile shadow creature
 50192 | D:6      | Found an iron altar of Okawaru.
 50285 | D:6      | Found a shimmering blue altar of Sif Muna.
 50346 | D:7      | XOM: blink monster(s)
 50766 | D:5      | XOM: 1-stop teleportation journey
 51116 | D:5      | XOM: silly message
 51218 | D:5      | XOM: divination: detect items
 51314 | D:5      | XOM: cloud trail
 51493 | D:5      | XOM: god gift: scroll labeled XAABUT DEIPSA {god gift}
 51803 | D:5      | Noticed Menkaure
 51819 | D:5      | XOM: cleaving
 51822 | D:5      | XOM: butterfly on damage
 51825 | D:5      | Killed Menkaure
 52161 | D:4      | XOM: scenery: create altars
 52521 | D:4      | XOM: god gift: 25 stones
 52653 | D:4      | XOM: scenery: create altars
 52821 | D:4      | XOM: give mutations
 52821 | D:4      | Gained mutation: You have a considerably increased
                  | reservoir of magic. (+20% MP) [Xom's grace]
 52821 | D:4      | Gained mutation: You rapidly evolve. [Xom's grace]
 52821 | D:4      | Gained mutation: You are very robust. (+20% HP) [Xom's
                  | grace]
 52857 | D:4      | XOM: give mutation
 52857 | D:4      | Gained mutation: You are extremely robust. (+30% HP) [Xom's
                  | grace]
 52938 | Temple   | Entered the Ecumenical Temple
 53204 | D:3      | XOM: cloud trail
 53498 | D:5      | Found a burning altar of Makhleb.
 53502 | D:5      | Reached skill level 5 in Stealth
 53502 | D:5      | Reached skill level 5 in Hexes
 53518 | D:5      | XOM: give mutation
 53695 | D:7      | XOM: enchant monster (good)
 53708 | D:7      | XOM: divine lightning
 53727 | D:7      | XOM: polymorph centaur -> jelly
 53728 | D:7      | XOM: enchant monster (good)
 54592 | D:6      | XOM: 2-stop teleportation journey
 54650 | D:6      | XOM: divination: detect creatures
 55140 | D:6      | XOM: scenery: 1 doors close
 55915 | D:6      | XOM: scenery: 1 doors open
 56287 | D:7      | Reached XP level 9. HP: 33/52 MP: 11/11
 56319 | D:6      | XOM: harmless Fire miscast
 56419 | D:7      | Reached skill level 5 in Fighting
 56444 | D:7      | XOM: noise
 56458 | D:7      | XOM: swap monsters
 56611 | D:7      | XOM: draining
 56647 | D:7      | XOM: mild Chrm miscast
 56663 | D:7      | XOM: swap monsters
 56668 | D:7      | XOM: repel stairs
 56669 | D:7      | XOM: blink monster(s)
 56680 | D:7      | XOM: medium Hex miscast
 57008 | D:7      | XOM: medium Ice miscast
 57082 | D:7      | XOM: mild Fire miscast
 57146 | D:7      | XOM: summons 1 hostile shadow creature
 57257 | D:6      | XOM is BORED!
 57257 | D:6      | XOM: stat loss: -1 Dex (21/22)
 58079 | D:6      | XOM: cloud trail
 58130 | D:6      | XOM: give mutations
 58130 | D:6      | Lost mutation: Your system is resistant to poisons. (rPois)
                  | [Xom's mischief]
 58130 | D:6      | Lost mutation: You passively map the area around you.
                  | [Xom's mischief]
 58130 | D:6      | Lost mutation: You are partially covered in iridescent
                  | scales. (AC +2) [Xom's mischief]
 58174 | D:6      | XOM: scenery: create altars
 58338 | D:6      | XOM: divination: magic mapping
 58737 | D:6      | XOM: divination: magic mapping
 59020 | D:6      | XOM: god gift: runed great sword {god gift}
 59879 | D:6      | XOM: god gift: potion of lignification
 59927 | D:6      | XOM: scenery: create altars
 60194 | D:6      | XOM: divination: detect items
 60324 | D:8      | Noticed Erica
 60324 | D:8      | XOM: give mutations
 60324 | D:8      | Lost mutation: You passively map a small area around you.
                  | [Xom's mischief]
 60324 | D:8      | Lost mutation: You expend magic power (3 MP) to strengthen
                  | your wands. [Xom's mischief]
 60326 | D:8      | Killed Erica
 60364 | D:8      | XOM is BORED!
 60364 | D:8      | XOM: enchant monster (bad)
 60410 | D:8      | XOM: draining
 60490 | D:7      | XOM: god gift: glittering lapis lazuli ring {god gift}
 60491 | D:7      | Got a glittering lapis lazuli ring {god gift}
 60492 | D:7      | Identified the ring of Yckull {rN+ Str+4 Stlth+} (Xom
                  | gifted it to you on level 7 of the Dungeon)
 60519 | D:8      | XOM: enchant monster (good)
 60702 | D:8      | XOM: chaos upgrade
 61459 | Temple   | XOM: give mutation
 61459 | Temple   | Lost mutation: You possess an exceptional clarity of mind.
                  | [Xom's mischief]
 61863 | Temple   | XOM: give mutations
 61863 | Temple   | Lost mutation: Your muscles are very strong. (Str +4)
                  | [Xom's mischief]
 61863 | Temple   | Lost mutation: Your muscles are strong. (Str +2) [Xom's
                  | mischief]
 62343 | Temple   | XOM is BORED!
 63910 | Temple   | XOM: give mutations
 63910 | Temple   | Lost mutation: Your flesh is heat resistant. (rF+) [Xom's
                  | mischief]
 63910 | Temple   | Lost mutation: You are very agile. (Dex +4) [Xom's
                  | mischief]
 63910 | Temple   | Lost mutation: Your mind is very acute. (Int +4) [Xom's
                  | mischief]
 65347 | Temple   | XOM: medium Summ miscast
 65533 | D:4      | XOM: give mutations
 65533 | D:4      | Gained mutation: You possess an exceptional clarity of
                  | mind. [Xom's grace]
 65533 | D:4      | Gained mutation: You can translocate small distances at
                  | will. [Xom's grace]
 65658 | D:4      | XOM: scenery: create altars
 65788 | D:8      | XOM: cast spell 'Ring of Flames'
 65956 | D:8      | Reached XP level 10. HP: 31/58 MP: 13/13
 66230 | D:8      | Found a blossoming altar of Fedhas.
 66230 | D:8      | Found an ancient bone altar of Kikubaaqudgha.
 66294 | D:8      | Found a glowing silver altar of Zin.
 66294 | D:8      | Found a sacrificial altar of Ru.
 66387 | D:8      | XOM: enchant monster (good)
 66391 | D:8      | Found a shimmering blue altar of Sif Muna.
 66449 | D:9      | Found a sparkling altar of Nemelex Xobeh.
 66507 | D:9      | XOM: cleaving
 66575 | D:9      | XOM: fog
 66576 | D:9      | XOM: smoke on damage
 66923 | D:9      | XOM: harmless Necr miscast
 67009 | D:9      | Found a runed translucent gate.
 67009 | D:9      | Found a runed translucent gate.
 67009 | D:9      | Noticed whodunnit's ghost (novice GrFi)
 67010 | D:9      | Found a runed translucent gate.
 67011 | D:9      | Noticed a ten-headed hydra
 67017 | D:9      | XOM: mild Necr miscast
 67110 | D:9      | Found a staircase to the Orcish Mines.
 67330 | D:9      | XOM: divination: magic mapping
 67567 | D:9      | XOM: harmless Air miscast
 67585 | D:9      | XOM: summons 1 hostile demon
 67586 | D:9      | XOM: swap monsters
 67612 | D:9      | XOM: enchant monster (good)
 67614 | D:9      | XOM: noise
 67658 | D:9      | Reached skill level 10 in Unarmed Combat
 67693 | D:9      | XOM: give mutations
 67693 | D:9      | Lost mutation: Your mind is acute. (Int +2) [Xom's
                  | mischief]
 67693 | D:9      | Lost mutation: You are agile. (Dex +2) [Xom's mischief]
 67745 | D:9      | Lost mutation: You possess an exceptional clarity of mind.
                  | [evolution]
 67851 | D:9      | XOM: silly message
 68284 | D:8      | XOM: harmless Tmut miscast
 68478 | D:8      | XOM: mild Fire miscast
 68795 | D:8      | XOM: divination: detect items
 68933 | D:8      | XOM: give mutations
 68933 | D:8      | Gained mutation: You expend magic power (3 MP) to
                  | strengthen your wands. [Xom's grace]
 68933 | D:8      | Gained mutation: You are agile. (Dex +2) [Xom's grace]
 69332 | D:8      | XOM: summons 3 hostile shadow creatures
 69584 | D:8      | XOM: harmless Chrm miscast
 69629 | D:8      | XOM: give mutation
 69629 | D:8      | Lost mutation: You expend magic power (3 MP) to strengthen
                  | your wands. [Xom's mischief]
 69659 | D:8      | XOM: harmless Necr miscast
 69775 | D:8      | XOM: give mutation
 69775 | D:8      | Lost mutation: You are extremely resistant to the effects
                  | of hostile enchantments. (MR+++) [Xom's mischief]
 69875 | D:8      | XOM: mild Tmut miscast
 70192 | D:8      | XOM: summons 5 hostile demons
 70211 | D:9      | XOM: noise
 70222 | D:9      | XOM: medium Pois miscast
 70395 | D:9      | XOM: enchant monster (bad)
 70511 | D:9      | XOM: stat loss: -1 Int (13/14)
 70522 | D:9      | XOM: enchant monster (bad)
 70597 | D:9      | XOM: swap monsters
 70603 | D:9      | Reached skill level 1 in Evocations
 70627 | D:9      | HP: 3/62 [poisoned by a killer bee]
 70633 | D:9      | HP: 2/62 [poisoned by a killer bee]
 70757 | D:9      | XOM: give mutation
 70757 | D:9      | Lost mutation: You rapidly evolve. [Xom's mischief]
 70909 | Temple   | XOM: mild Tloc miscast
 71284 | Temple   | XOM: torment (36/62 hp)
 71745 | Temple   | XOM is BORED!
 74503 | Temple   | XOM: give mutation
 74503 | Temple   | Lost mutation: You are agile. (Dex +2) [Xom's mischief]
 74609 | Temple   | XOM: give mutations
 74609 | Temple   | Lost mutation: You can translocate small distances at will.
                  | [Xom's mischief]
 74609 | Temple   | Lost mutation: Your spells are much harder to cast, but
                  | much more powerful. [Xom's mischief]
 75141 | Temple   | XOM: divination: magic mapping
 75330 | Temple   | XOM: harmless Hex miscast
 75405 | Temple   | XOM is BORED!
 75422 | Temple   | XOM: mild Hex miscast
 76066 | Temple   | XOM: noise
 77162 | Temple   | XOM: harmless Hex miscast
 77392 | Temple   | XOM: 4-stop teleportation journey
 77724 | Temple   | XOM: mild Tmut miscast
 78118 | Temple   | XOM: give mutations
 78118 | Temple   | Gained mutation: Your flesh is heat resistant. (rF+) [Xom's
                  | grace]
 78118 | Temple   | Gained mutation: You are extremely resistant to the effects
                  | of hostile enchantments. (MR+++) [Xom's grace]
 78448 | Temple   | XOM: harmless Summ miscast
 78562 | Temple   | XOM: mild Chrm miscast
 78990 | Temple   | XOM: mild Summ miscast
 79081 | D:7      | Learned a level 3 spell: Mephitic Cloud
 79113 | D:10     | Entered Level 10 of the Dungeon
 79134 | D:10     | Reached skill level 10 in Stealth
 79174 | D:10     | Found a portal to a secret trove of treasure.
 79226 | D:10     | Noticed a gargoyle
 79267 | D:10     | XOM: butterfly on damage
 79268 | D:10     | XOM: enchant monster (good)
 79282 | D:10     | Killed a gargoyle
 79282 | D:10     | Reached skill level 10 in Dodging
 79282 | D:10     | Reached XP level 11. HP: 28/66 MP: 15/15
 79541 | D:10     | Reached skill level 1 in Spellcasting
 79541 | D:10     | Reached skill level 1 in Air Magic
 79556 | D:10     | Reached skill level 1 in Poison Magic
 79602 | D:10     | XOM: scenery: 1 doors open, 2 doors close
 80294 | Temple   | XOM: mild Necr miscast
 80547 | Temple   | XOM is BORED!
 80547 | Temple   | XOM: summons 4 hostile demons
 81188 | D:4      | XOM: mild Necr miscast
 82316 | D:4      | XOM: scenery: create altars
 82328 | D:4      | XOM: give mutations
 82328 | D:4      | Lost mutation: You are extremely resistant to the effects
                  | of hostile enchantments. (MR+++) [Xom's mischief]
 82328 | D:4      | Lost mutation: Your flesh is very cold resistant. (rC++)
                  | [Xom's mischief]
 82856 | D:4      | XOM: torment (37/65 hp)
 83124 | Temple   | XOM: harmless Ice miscast
 83495 | Temple   | XOM: summons 5 hostile demons
 84019 | D:4      | XOM: give mutations
 84019 | D:4      | Lost mutation: Your flesh is heat resistant. (rF+) [Xom's
                  | mischief]
 84019 | D:4      | Lost mutation: You are extremely robust. (+30% HP) [Xom's
                  | mischief]
 84019 | D:4      | Lost mutation: Your thick and shaggy fur keeps you warm.
                  | (AC +3, rC+) [Xom's mischief]
 84113 | D:4      | XOM: harmless Necr miscast
 84488 | D:4      | XOM: summons 4 hostile demons
 84703 | Temple   | XOM: cloud trail
 84847 | Temple   | XOM: god gift: 18 arrows
 86064 | Temple   | XOM: give mutations
 86064 | Temple   | Lost mutation: You are highly resistant to hostile
                  | enchantments. (MR++) [Xom's mischief]
 86064 | Temple   | Lost mutation: You are very robust. (+20% HP) [Xom's
                  | mischief]
 86315 | Temple   | XOM: harmless Erth miscast
 86562 | Temple   | XOM: medium Summ miscast
 86587 | D:4      | XOM is BORED!
 86756 | D:4      | XOM: god gift: morningstar {god gift}
 87531 | Temple   | XOM: give mutations
 87531 | Temple   | Lost mutation: You have a pair of large antennae on your
                  | head. (SInv) [Xom's mischief]
 87531 | Temple   | Lost mutation: Your spells are harder to cast, but more
                  | powerful. [Xom's mischief]
 87995 | Temple   | XOM: noise
 88174 | Temple   | XOM: give mutations
 88174 | Temple   | Gained mutation: Your spells are harder to cast, but more
                  | powerful. [Xom's grace]
 88174 | Temple   | Gained mutation: You can translocate small distances at
                  | will. [Xom's grace]
 88179 | Temple   | XOM: god gift: sedimented orange potion {god gift}
 88883 | Temple   | XOM is BORED!
 88883 | Temple   | XOM: medium Summ miscast
 88928 | D:4      | XOM: divination: detect items
 89149 | D:4      | XOM: god gift: 15 arrows
 89245 | D:4      | XOM: harmless Conj miscast
 90981 | Temple   | XOM: 6-stop teleportation journey
 91017 | Temple   | XOM: 8-stop teleportation journey
 91027 | Temple   | XOM: harmless Tloc miscast
 91569 | Temple   | XOM: severe Air miscast
 92223 | Temple   | XOM is BORED!
 92223 | Temple   | XOM: medium Pois miscast
 92537 | Temple   | XOM is BORED!
 92723 | Temple   | XOM: mild Erth miscast
 93017 | Temple   | XOM: medium Fire miscast
 93131 | Temple   | XOM: draining
 93552 | Temple   | XOM: 1-stop teleportation journey
 93933 | Temple   | XOM: summons 5 hostile demons
 94354 | D:4      | XOM: noise
 94493 | D:4      | XOM: harmless Air miscast
 95001 | D:4      | XOM: severe Ice miscast
 95134 | D:4      | XOM: summons 2 hostile demons
 95168 | Temple   | XOM: medium Ice miscast
 96645 | D:10     | XOM: harmless Hex miscast
 96667 | D:10     | Found Ompoach's Armour Emporium.
 97973 | D:9      | XOM: scenery: 1 doors close
 99488 | D:9      | XOM: harmless Air miscast
 99708 | D:9      | XOM: give mutations
 99708 | D:9      | Lost mutation: You are resistant to hostile enchantments.
                  | (MR+) [Xom's mischief]
 99708 | D:9      | Lost mutation: You are robust. (+10% HP) [Xom's mischief]
 99708 | D:9      | Lost mutation: Your flesh is cold resistant. (rC+) [Xom's
                  | mischief]
 99708 | D:9      | Lost mutation: Your spells are harder to cast, but more
                  | powerful. [Xom's mischief]
100087 | D:9      | XOM is BORED!
100821 | D:10     | XOM: medium Tloc miscast
100835 | D:10     | XOM: confusion
100943 | D:10     | XOM: 1-stop teleportation journey
101164 | D:10     | XOM: give mutations
101164 | D:10     | Lost mutation: You are mostly covered in slimy green
                  | scales. (AC +3) [Xom's mischief]
101164 | D:10     | Lost mutation: Your spells are a little harder to cast, but
                  | a little more powerful. [Xom's mischief]
101164 | D:10     | Gained mutation: You are clumsy. (Dex -2) [Xom's mischief]
101164 | D:10     | Lost mutation: You are clumsy. (Dex -2) [Xom's mischief]
101182 | D:10     | XOM: butterfly on damage
101214 | D:10     | XOM: polymorph yak -> jumping spider
101225 | D:9      | Slain by a jumping spider
101226 | D:9      | Reached XP level 10. HP: 0/47 MP: 15/15
102508 | Temple   | XOM: silly message
103059 | Temple   | XOM: harmless Erth miscast
104336 | Temple   | XOM: harmless Summ miscast
104956 | Temple   | XOM is BORED!
104956 | Temple   | XOM: noise
105274 | D:10     | Noticed a gargoyle
105274 | D:10     | XOM: blink monster(s)
105283 | D:10     | Killed a gargoyle
105356 | D:10     | XOM: cast spell 'Cause Fear'
105358 | D:10     | XOM: noise
105362 | D:10     | XOM: mild Air miscast
105534 | D:10     | XOM: fake destruction
105594 | D:10     | XOM: stat loss: -1 Dex (18/19)
105811 | D:10     | XOM: confusion
105822 | D:10     | XOM: summons 1 hostile demon
105823 | D:10     | XOM: fog
105848 | D:10     | XOM: scenery: 1 doors close
106050 | D:11     | Noticed a cyclops
106053 | D:11     | Killed a cyclops
106127 | D:11     | Noticed an unseen horror
106130 | D:11     | Killed an unseen horror
106263 | D:11     | Noticed a deep elf mage
106267 | D:11     | Killed a deep elf mage
106277 | D:11     | XOM: summons 2 friendly demons
106286 | D:11     | XOM: cast spell 'Death Channel'
106297 | D:11     | Reached XP level 11. HP: 44/52 MP: 18/18
106300 | D:11     | XOM: silly message
106323 | D:11     | Gained mutation: Your flesh is heat resistant. (rF+)
                  | [evolution]
106904 | Temple   | XOM is BORED!
106904 | Temple   | XOM: mild Fire miscast
107030 | D:4      | XOM: harmless Tloc miscast
107194 | D:4      | XOM: medium Air miscast
107841 | D:4      | XOM: cloud trail
108247 | D:4      | XOM: cloud trail
108467 | D:11     | XOM is BORED!
108609 | D:11     | XOM: mild Conj miscast
108638 | D:11     | Noticed a five-headed hydra
108641 | D:11     | XOM: butterfly on damage
108651 | D:11     | XOM: divination: detect items
108899 | D:11     | Slain by a manticore
108900 | D:11     | Reached XP level 10. HP: 0/49 MP: 16/17
108971 | D:11     | XOM: cleaving
108974 | D:11     | XOM: god gift: 28 gold pieces
108977 | D:11     | Killed a manticore
109021 | D:11     | Found a staircase to the Lair.
109028 | D:11     | XOM: butterfly on damage
109069 | D:11     | XOM: god gift: leather armour {god gift}
109086 | D:11     | XOM: scenery: 1 doors open
109302 | D:11     | Noticed Erolcha
109304 | D:11     | Killed Erolcha
109582 | D:11     | XOM: scenery: 1 doors open, 2 doors close
110613 | D:11     | XOM: scenery: create altars
110851 | D:11     | XOM: god gift: scroll of fear
111003 | D:11     | XOM: cloud trail
111214 | D:11     | XOM: scenery: create altars
111281 | D:11     | XOM: god gift: leatherbound book {god gift}
111819 | D:11     | XOM: summons 4 hostile demons
112801 | D:11     | XOM: mild Tmut miscast
112905 | D:11     | Gained mutation: Your muscles are strong. (Str +2)
                  | [evolution]
113591 | D:11     | XOM: harmless Hex miscast
114077 | D:11     | XOM: cloud trail
114187 | D:11     | XOM is BORED!
114187 | D:11     | XOM: noise
114221 | D:11     | XOM: mild Pois miscast
114528 | D:11     | XOM is BORED!
114528 | D:11     | XOM: medium Fire miscast
114967 | D:11     | XOM: give mutations
114967 | D:11     | Gained mutation: Your mind is acute. (Int +2) [Xom's grace]
114967 | D:11     | Gained mutation: You are partially covered in large bone
                  | plates. (SH +4) [Xom's grace]
115643 | D:11     | XOM: harmless Ice miscast
115792 | D:11     | XOM: silly message
115857 | D:11     | XOM: harmless Hex miscast
116413 | D:11     | XOM: scenery: create altars
116480 | D:11     | XOM is BORED!
116480 | D:11     | XOM: medium Tmut miscast
116715 | D:11     | XOM: noise
116807 | D:11     | XOM: cloud trail
117519 | D:11     | XOM: give mutations
117519 | D:11     | Gained mutation: Your mind is very acute. (Int +4) [Xom's
                  | grace]
117519 | D:11     | Gained mutation: You have a greatly increased reservoir of
                  | magic. (+30% MP) [Xom's grace]
117609 | D:11     | XOM: god gift: long glowing staff {god gift}
118000 | D:11     | XOM is BORED!
118000 | D:11     | XOM: give mutations
118000 | D:11     | Lost mutation: You have a pair of antennae on your head.
                  | [Xom's mischief]
118000 | D:11     | Lost mutation: Your muscles are strong. (Str +2) [Xom's
                  | mischief]
118195 | D:11     | XOM: scenery: create altars
118321 | D:12     | Noticed a manticore
118322 | D:12     | Noticed a purple ugly thing
118328 | D:12     | XOM: enchant monster (good)
118344 | D:12     | XOM: summons friendly quasit
118355 | D:12     | Killed a manticore
118367 | D:12     | XOM: 1-stop teleportation journey
118797 | D:12     | XOM: scenery: create altars
118927 | D:12     | XOM: 2-stop teleportation journey
119535 | D:12     | XOM: scenery: create altars
119638 | D:12     | XOM: god gift: short sword {god gift}
119663 | D:12     | XOM: scenery: create altars
119734 | D:12     | XOM: give mutation
120073 | D:12     | XOM: noise
120091 | D:12     | XOM: enchant monster (good)
120153 | D:12     | XOM: enchant monster (good)
120159 | D:12     | Noticed a cyclops
120168 | D:12     | Killed a cyclops
120173 | D:12     | XOM: scenery: create altars
120422 | D:13     | Noticed a two-headed ogre
120422 | D:13     | Noticed a wizard
120427 | D:13     | XOM: summons 4 friendly demons
120435 | D:13     | Killed a two-headed ogre
120435 | D:13     | Reached XP level 11. HP: 53/53 MP: 20/20
120440 | D:13     | Killed from afar by a wizard

Levels and vault maps discovered:
D:1:      enne_arrival_octagon_isle, layout_loops_ring, kennysheep_nondescript
D:2:      layout_basic, uniq_sigmund, uniq_jessica, uniq_crazy_yiuf_cottage
D:3:      layout_loops_ring, fiery_altar_vehumet
D:4:      layout_loops_corners, kennysheep_little_box, temple_hall,
          hangedman_decor_opposing, uniq_eustachio
D:5:      lemuel_upstairs_altar, layout_cave_pods,
          yredelemnul_forgotten_temple_becter, kennysheep_mini,
          makhleb_heckhound_becter, nicolae_gozag_seed_capital,
          serial_co_window_serial, co_window_paths_b, co_window_paths_a,
          co_window_paths_b, co_window_paths_b, co_window_corner_a,
          co_window_paths_a, co_window_of_opportunity_a,
          co_window_of_opportunity_a, co_window_paths_b,
          co_window_unsneaky_path_b, co_window_corner_b, co_window_paths_c,
          co_window_paths_d, glass_columns_b, first_ration, uniq_menkaure
D:6:      layout_basic, okawaru_trees_2, lemuel_blue_sif_altar,
          uniq_blork_the_orc
D:7:      layout_cave_pools
D:8:      layout_basic, grunt_temple_overflow_growth_and_decay,
          gammafunk_temple_overflow_elements, marbit_many_paths, uniq_erica
D:9:      layout_gridville, lemuel_round_altar, zombieorc2_lemuel,
          gammafunk_ghost_hydra_chop, special_room [special_room_bee]
D:10:     layout_roguey, special_room [special_room_orc], serial_shops, shop,
          nicolae_trove_entry_diagonal
D:11:     layout_loops_corners, grunt_lair_entry_orc_guard_hut, the_bakery,
          lightli_fourway_metalbox, uniq_erolcha
D:12:     layout_cave_pods, minmay_rotating_lava
D:13:     layout_loops_ring, david_vaults_1
Temple:   dpeg_three_leaves_temple

Skill      XL: |  1  2  3  4  5  6  7  8  9 10 11 |
---------------+----------------------------------+-----
Unarmed Combat | 4 5 6 7 8 9 10 | 10.2
Hexes          | 2 5 7 8 |  8.3
Stealth        | 2 5 7 11 | 11.6
Dodging        | 4 6 8 11 | 11.3
Fighting       | 4 6 9 8 |  9.0
Evocations     | 1 |  1.3
Spellcasting   | 2 1 |  2.8
Air Magic      | 4 1 |  4.0
Poison Magic   | 3 1 |  3.9

Action                   |  1- 3 |  4- 6 |  7- 9 | 10-12 || total
-------------------------+-------+-------+-------+-------++-------
Melee: Unarmed           |   137 |    71 |   380 |   722 ||  1310
       Bite              |    11 |     9 |    50 |    90 ||   160
       Punch             |     2 |     3 |    18 |    34 ||    57
 Cast: Confusing Touch   |       |       |       |    10 ||    10
 Abil: Blink             |       |       |       |     1 ||     1
Evoke: Wand              |       |       |     2 |     9 ||    11
  Use: Scroll            |     3 |       |     9 |     8 ||    20
       Potion            |     2 |     2 |    10 |    12 ||    26
 Stab: Distracted        |     2 |       |     1 |     8 ||    11
       Sleeping          |     1 |     6 |    19 |    30 ||    56
       Confused          |       |       |     1 |     7 ||     8
       Petrifying        |       |       |     1 |       ||     1
       Petrified         |       |       |     1 |       ||     1
       Paralysed         |       |       |       |     2 ||     2
  Eat: Chunk             |    23 |    22 |    78 |    77 ||   200
       Ration            |       |       |     2 |    26 ||    28
Armor: Skin              |    11 |    24 |    32 |    69 ||   136
Dodge: Dodged            |   102 |    86 |   273 |   768 ||  1229
Block: Other             |     1 |       |       |    12 ||    13

Table legend:
 A = Non-vault XP
 B = Vault XP
 C = Vault XP percentage of total XP
 D = Non-vault monster count
 E = Vault monster count
 F = Vault count percentage of total count
                 A         B        C        D         E       F
            +---------+---------+-------+---------+---------+-------
      Total |   14895 |    8252 |  35.7 |     281 |     107 |  27.6
            +---------+---------+-------+---------+---------+-------
        D:1 |      34 |       0 |   0.0 |      19 |       0 |   0.0
        D:2 |      75 |     153 |  67.1 |      21 |       2 |   8.7
        D:3 |      82 |       0 |   0.0 |      19 |       0 |   0.0
        D:4 |     506 |     202 |  28.5 |      30 |       1 |   3.2
        D:5 |     578 |     218 |  27.4 |      28 |       3 |   9.7
        D:6 |     551 |      99 |  15.2 |      21 |       1 |   4.5
        D:7 |    1301 |       0 |   0.0 |      22 |       0 |   0.0
        D:8 |    1399 |     925 |  39.8 |      34 |       2 |   5.6
        D:9 |    1589 |    2732 |  63.2 |      18 |      62 |  77.5
       D:10 |    3405 |     369 |   9.8 |      29 |      24 |  45.3
       D:11 |    2155 |    2995 |  58.2 |      14 |      11 |  44.0
       D:12 |    3149 |       0 |   0.0 |      22 |       0 |   0.0
       D:13 |      71 |     559 |  88.7 |       4 |       1 |  20.0
            +---------+---------+-------+---------+---------+-------
